 Dungeon Crawl Stone Soup version 0.26-a0-752-gcff87cac9a (webtiles) character file.

Game seed: 11699439207553269255

72819 robertstho the Thaumaturge (level 15, -5/115 HPs)
             Began as a Gnoll Ice Elementalist on Nov 6, 2020.
             Was an Elder of Sif Muna.
             Killed from afar by a swamp worm (21 damage)
             ... with a harpoon shot
             ... on level 1 of the Swamp.
             The game lasted 01:11:49 (31589 turns).

robertstho the Thaumaturge (GnIE)                  Turns: 31589, Time: 01:11:50

Health: -5/115     AC: 16    Str: 15    XL:     15   Next: 41%
Magic:  5/30       EV: 20    Int: 23    God:    Sif Muna [****..]
Gold:   1348       SH:  0    Dex: 16    Spells: 3/36 levels left

rFire    + + .     SeeInvis +   W - +7 falchion "Aluwis" {flame, rPois rF+ Str+3 Int-2}
rCold    . . .     Faith    .   (no shield)
rNeg     . . .     Spirit   .   V - +2 robe of the Hunter {rElec MR- rCorr SInv}
rPois    +         Reflect  .   X - +1 helmet {Int+3}
rElec    +         Harm     .   v - +0 cloak
rCorr    +         Rampage  .   s - +2 pair of gloves
MR       .....                  (no boots)
Stlth    +++++.....             (no amulet)
HPRegen  0.29/turn              x - ring of protection from fire
MPRegen  0.22/turn              C - +4 ring of protection

@: no status effects
A: distributed training, fangs 1, strong nose
a: Channel Magic, Forget Spell, Divine Exegesis, Renounce Religion


You were on level 1 of the Swamp.
You worshipped Sif Muna.
Sif Muna was greatly pleased with you.
You visited 4 branches of the dungeon, and saw 22 of its levels.
You also visited: Ossuary.

You collected 1624 gold pieces.
You spent 276 gold pieces at shops.

Inventory:

Hand Weapons
 W - the +7 falchion "Aluwis" (weapon) {flame, rPois rF+ Str+3 Int-2}
   (You found it on level 5 of the Lair of Beasts)

   It has been specially enchanted to burn those struck by it, causing extra
   injury to most foes and up to half again as much damage against particularly
   susceptible opponents.
   Big, fiery blades are also staple armaments of hydra-hunters.
   It affects your strength (+3).
   It affects your intelligence (-2).
   It protects you from fire.
   It protects you from poison.
Missiles
 N - 5 curare-tipped darts (quivered)
Armour
 s - a +2 pair of gloves (worn)
 v - a +0 cloak (worn)
 V - the +2 robe of the Hunter (worn) {rElec MR- rCorr SInv}
   (You found it on level 4 of the Lair of Beasts)

   It insulates you from electricity.
   It affects your resistance to hostile enchantments.
   It lets you see invisible.
   It provides partial protection from all sources of acid and corrosion.
 X - a +1 helmet of intelligence (worn)
Jewellery
 h - an uncursed ring of resist corrosion
 k - an uncursed ring of poison resistance
 x - a ring of protection from fire (left hand)
 C - a +4 ring of protection (right hand)
 D - an uncursed ring of positive energy
 K - a +4 ring of protection
Wands
 a - a wand of disintegration (35)
 g - a wand of digging (6)
 y - a wand of acid (8)
 E - a wand of iceblast (34)
Scrolls
 b - a scroll of vulnerability {unknown}
 c - 2 scrolls of amnesia {unknown}
 f - 2 scrolls of fear {unknown}
 i - 4 scrolls of blinking {unknown}
 j - 14 scrolls of remove curse
 l - 10 scrolls of teleportation
 m - 5 scrolls of enchant armour {unknown}
 o - 4 scrolls of fog
 I - a scroll of immolation
 P - 3 scrolls of enchant weapon
 S - a scroll of magic mapping
 Y - 4 scrolls of brand weapon
Potions
 d - 13 potions of curing
 e - 4 potions of flight
 n - a potion of heal wounds
 p - 4 potions of cancellation
 q - 6 potions of brilliance
 r - 3 potions of haste
 t - 2 potions of resistance
 w - 5 potions of lignification
 z - 2 potions of magic
 A - 3 potions of mutation
 F - a potion of ambrosia
 G - 3 potions of might
 J - 2 potions of berserk rage
 O - a potion of invisibility
 T - a potion of attraction


   Skills:
 + Level 10.0 Fighting
 + Level 10.0 Short Blades
 + Level 10.0 Long Blades
 + Level 10.0 Axes
 + Level 10.0 Maces & Flails
 + Level 10.0 Polearms
 + Level 10.0 Staves
 + Level 10.0 Slings
 + Level 10.0 Bows
 + Level 10.0 Crossbows
 + Level 10.0 Throwing
 + Level 10.0 Armour
 + Level 11.0 Dodging
 + Level 10.8 Stealth
 + Level 10.0 Shields
 + Level 10.0 Unarmed Combat
 + Level 11.1 Spellcasting
 + Level 8.4 Conjurations
 + Level 8.4 Hexes
 + Level 8.4 Summonings
 + Level 8.4 Necromancy
 + Level 8.4 Translocations
 + Level 8.4 Transmutations
 + Level 8.4 Fire Magic
 + Level 10.9 Ice Magic
 + Level 8.4 Air Magic
 + Level 8.4 Earth Magic
 + Level 8.4 Poison Magic
 + Level 10.8 Invocations
 + Level 10.0 Evocations


You had 3 spell levels left.
You knew the following spells:

 Your Spells              Type           Power        Failure   Level
a - Freeze                Ice            ####         1%          1
b - Frozen Ramparts       Ice            ######       1%          3
c - Ozocubu's Armour      Ice            ######..     1%          3
d - Hailstorm             Conj/Ice       ######..     1%          4
e - Summon Ice Beast      Ice/Summ       ######..     1%          4
f - Summon Lightning Spi  Summ/Air       ######..     1%          4
g - Bolt of Magma         Conj/Fire/Erth ######....   4%          5
h - Apportation           Tloc           ######       1%          1
i - Freezing Cloud        Conj/Ice/Air   ######....   17%         6
j - Blink                 Tloc           N/A          1%          2

Your spell library contained the following spells:

 Spells                   Type           Power        Failure   Level
 Magic Dart               Conj           ####         1%          1
 Sandblast                Erth           ######       1%          1
 Shock                    Conj/Air       ####         1%          1
 Summon Small Mammal      Summ           ####         1%          1
 Call Imp                 Summ           ######..     1%          2
 Ensorcelled Hibernation  Hex/Ice        ######       1%          2
 Passwall                 Tmut/Erth      ######..     1%          2
 Slow                     Hex            ######..     1%          2
 Call Canine Familiar     Summ           ######..     1%          3
 Confusing Touch          Hex            ######..     1%          3
 Conjure Flame            Conj/Fire      ######..     1%          3
 Gell's Gravitas          Tloc           ######....   1%          3
 Inner Flame              Hex/Fire       ######..     1%          3
 Mephitic Cloud           Conj/Pois/Air  ######..     1%          3
 Portal Projectile        Hex/Tloc       ######       1%          3
 Spider Form              Tmut/Pois      ######....   1%          3
 Stone Arrow              Conj/Erth      ######       1%          3
 Summon Guardian Golem    Hex/Summ       ######..     1%          3
 Fulminant Prism          Conj/Hex       ######....   1%          4
 Petrify                  Tmut/Erth      ######..     1%          4
 Metabolic Englaciation   Hex/Ice        ######....   2%          5
 Borgnjor's Vile Clutch   Necr/Erth      ######....   4%          5
 Iskenderun's Battlesphe  Conj           ######..     4%          5
 Lee's Rapid Deconstruct  Erth           ######....   4%          5
 Silence                  Hex/Air        ######....   4%          5
 Yara's Violent Unravell  Hex/Tmut       ######....   4%          5
 Simulacrum               Ice/Necr       ######....   14%         6
 Dispersal                Tloc           ######....   24%         6
 Eringya's Noxious Bog    Tmut/Pois      ######....   24%         6
 Shadow Creatures         Summ           N/A          24%         6
 Chain Lightning          Conj/Air       ######....   100%        8


Dungeon Overview and Level Annotations

Branches:
Dungeon (14/15)            Temple (1/1) D:5            Lair (6/6) D:8
  Swamp (1/4) Lair:3       Shoals (0/4) Lair:3        Slime (0/5) Lair:6
    Orc (0/2) D:11         Vaults (0/5) D:13        Ossuary (visited)
  Snake: Lair:2-4    Spider: Lair:2-4

Altars:
Dithmenos
Elyvilon
Fedhas
Gozag
Hepliaklqana
Kikubaaqudgha
Makhleb
Nemelex Xobeh
Okawaru
Qazlal
Ru
Sif Muna
Trog
Uskayaw
Vehumet
Wu Jian
Xom
Zin
The Shining One

Shops:
D:5 :   D:6 (   D:13 *!

Annotations:
D:13 2 runed translucent doors
Lair:6 3 runed translucent doors, Scypho's ghost, journeyman DsGl


Innate Abilities, Weirdness & Mutations

Your experience applies equally to all skills.
You have very sharp teeth.
Your uncanny sense of smell can sniff out nearby items.


Message History

Sif Muna accepts your kill.
Your Dodging skill increases to level 11!
The swamp worm fires a harpoon shot at you.
The harpoon shot misses you.
Evoke which item? (* to show all) (? for menu, Esc to quit)
Okay, then.
Casting: Hailstorm (mildly dangerous; 1% risk of failure)
Confirm with . or Enter, or press ? or * to list all spells.
You don't know that spell.
Unknown command.
Evoke which item? (* to show all) (? for menu, Esc to quit)
Aiming: Corrosive Bolt
Press: ? - help, Shift-Dir - straight line, f - swamp worm
Aim: a swamp worm The bolt of acid hits the swamp worm!!
The swamp worm is splashed with acid!
The acid corrodes the swamp worm!
The swamp worm is almost dead.
The swamp worm fires a harpoon shot at you.
The harpoon shot hits you!!
You die...

♣♣....≈.....≈≈≈..♣
♣....♣♣≈..≈..>♣♣♣
♣..♣♣♣♣.≈≈≈≈♣♣♣ ♣♣≈♣♣
♣≈.≈§.♣♣
♣♣<.♣♣♣♣♣♣..♣♣♣♣♣ ♣.
♣♣..>..♣ ♣.§≈♣...♣♣♣≈..
♣≈≈≈≈≈.♣ ♣≈≈≈..≈..≈≈.≈≈
♣.≈≈≈≈.♣♣♣≈..≈Y†≈≈...≈≈
♣....≈≈≈♣♣♣♣.@≈.≈....≈≈
♣...≈≈≈.♣♣♣.≈≈≈.)w.≈≈≈≈
♣♣...≈≈)....≈≈≈.♣♣.§≈≈≈
♣≈...≈≈≈....≈§≈♣♣ ≈≈≈≈
♣ ♣♣.≈≈≈≈≈≈≈.)≈≈♣♣ ≈≈≈
.♣ ♣♣.≈≈≈≈≈..≈♣♣♣♣ ≈≈
≈♣♣♣..≈§≈≈...♣♣ ≈
.....≈≈≈≈≈.♣♣♣
.≈...≈§≈≈≈≈♣♣♣♣


You could see a swamp worm (corroded) and a friendly ice beast (summoned).

Vanquished Creatures
  Rupert (Lair:3)
  A bunyip (Swamp:1)
  2 vault guards (D:13)
  3 hydras
  A boulder beetle (D:12)
  Erolcha (D:10)
  An alligator (Swamp:1)
  2 death yaks (Lair:6)
  A two-headed ogre (D:8)
  A wizard (D:14)
  2 lindwurms (Lair:6)
  A deep elf mage (D:12)
  6 ugly things
  5 cyclopes
  18 elephants
  Maurice (D:12)
  5 black mambas
  A torpor snail (Lair:6)
  A gargoyle (D:12)
  5 cane toads
  2 kobold demonologists (D:14)
  3 rime drakes
  An efreet (D:14)
  3 komodo dragons
  3 trolls
  A tyrant leech (Swamp:1)
  4 polar bears
  2 hornets
  A snapping turtle (Lair:3)
  12 blink frogs
  4 dream sheep
  A shadow (D:11)
  9 spriggans (Lair:6)
  24 yaks
  A wraith (Ossuary)
  9 wyverns
  8 basilisks
  9 humans (D:13)
  5 vampire mosquitoes
  Edmund (D:5)
  11 water moccasins
  5 orc warriors
  2 ice beasts
  A necrophage (D:6)
  4 black bears
  4 sky beasts
  3 phantoms
  25 wolves
  5 ogres
  5 boggarts (Lair:6)
  6 centaurs
  5 big kobolds
  3 nameless horrors
  2 wyvern zombies
  18 bullfrogs
  A wyvern skeleton (D:7)
  A water moccasin zombie (D:8)
  2 troll zombies (D:11)
  4 scorpions
  14 wights
  An electric eel (Lair:3)
  7 howler monkeys
  2 centaur zombies
  A quasit (D:13)
  3 bullfrog zombies
  2 jellies (Lair:6)
  12 orc priests
  A bullfrog skeleton (D:7)
  7 hounds
  17 orc wizards
  A centaur skeleton (D:6)
  5 iguanas
  6 hell rats (Lair:4)
  10 worker ants
  A statue (D:7)
  5 ogre zombies (D:11)
  A hound zombie (D:6)
  2 hound skeletons
  Robin (D:2)
  3 gnolls (D:2)
  2 howler monkey zombies
  12 adders
  A shadow imp (D:7)
  4 white imps
  3 ufetubi
  An ooze (D:2)
  2 adder zombies (Ossuary)
  2 adder skeletons
  2 worms (D:2)
  A dart slug (D:5)
  5 leopard geckos
  25 orcs
  3 ball pythons
  4 giant cockroaches
  10 hobgoblins
  18 jackals
  23 kobolds
  A quokka (D:10)
  A ball python skeleton (Ossuary)
  8 bats
  A frilled lizard (D:2)
  17 goblins
  A goblin skeleton (D:11)
  2 goblin zombies (D:11)
  2 hobgoblin skeletons
  3 hobgoblin zombies (D:11)
  2 kobold zombies (Ossuary)
  3 orc skeletons (D:11)
  9 orc zombies (D:11)
  A quokka skeleton (D:9)
  12 rats
552 creatures vanquished.

Vanquished Creatures (collateral kills)
  A bunyip (Swamp:1)
  5 hydras
  A boulder beetle (D:14)
  2 catoblepae
  4 two-headed ogres
  3 alligators (Swamp:1)
  A goliath frog (Swamp:1)
  An ugly thing (D:12)
  3 cyclopes
  3 manticores
  2 centaur zombies (D:10)
  9 elephants
  3 black mambas
  Psyche (D:9)
  6 cane toads
  2 rime drakes (Lair:4)
  2 komodo dragons (Lair:6)
  4 tyrant leeches (Swamp:1)
  2 polar bears
  3 hornets
  8 blink frogs
  A slime creature (Lair:6)
  3 dream sheep (Lair:5)
  5 spriggans
  2 wraiths
  2 wyverns
  12 yaks
  A human (D:13)
  5 basilisks (Lair:4)
  2 vampire mosquitoes (Lair:3)
  A swamp worm (Swamp:1)
  2 water moccasins
  An orc warrior (D:10)
  3 black bears
  A phantom (D:8)
  A necrophage (D:10)
  An eye of draining (D:12)
  8 wolves
  An ogre (D:11)
  A centaur (D:9)
  2 big kobolds (D:10)
  3 bullfrogs
  2 wyvern skeletons
  4 wights
  5 electric eels
  A bullfrog zombie (D:13)
  An orc priest (D:10)
  2 bullfrog skeletons
  A hound (D:9)
  A jelly (Lair:6)
  2 orc wizards
  2 worker ants
  An iguana (D:11)
  An ogre zombie (D:11)
  A hound zombie (D:10)
  A worker ant zombie (D:9)
  2 ufetubi
  4 orcs
  A jackal (D:9)
  A hobgoblin skeleton (D:11)
  2 hobgoblin zombies (D:11)
  3 kobolds (D:10)
  3 orc zombies (D:11)
165 creatures vanquished.

Vanquished Creatures (others)
  2 bloated husks (Swamp:1)
  76 fungi
  100 plants
178 creatures vanquished.

Grand Total: 895 creatures vanquished

Notes
Turn   | Place    | Note
-------+----------+-------------------------------------------
     0 | D:1      | robertstho the Gnoll Ice Elementalist began the quest for
                  | the Orb.
     0 | D:1      | Reached XP level 1. HP: 13/13 MP: 6/6
   204 | D:1      | Reached XP level 2. HP: 19/19 MP: 7/7
  1119 | D:2      | Reached skill level 5 in Spellcasting
  1119 | D:2      | Reached XP level 3. HP: 25/25 MP: 7/9
  1124 | D:2      | Learned a level 3 spell: Frozen Ramparts
  1128 | D:2      | Learned a level 3 spell: Ozocubu's Armour
  1146 | D:2      | Reached skill level 1 in Invocations
  1147 | D:2      | Reached skill level 1 in Fighting
  1147 | D:2      | Reached skill level 1 in Short Blades
  1147 | D:2      | Reached skill level 1 in Long Blades
  1147 | D:2      | Reached skill level 1 in Axes
  1147 | D:2      | Reached skill level 1 in Maces & Flails
  1147 | D:2      | Reached skill level 1 in Polearms
  1147 | D:2      | Reached skill level 1 in Staves
  1147 | D:2      | Reached skill level 1 in Slings
  1147 | D:2      | Reached skill level 1 in Bows
  1147 | D:2      | Reached skill level 1 in Crossbows
  1147 | D:2      | Reached skill level 1 in Throwing
  1147 | D:2      | Reached skill level 1 in Armour
  1147 | D:2      | Reached skill level 1 in Shields
  1147 | D:2      | Reached skill level 1 in Unarmed Combat
  1147 | D:2      | Reached skill level 1 in Evocations
  1264 | D:2      | Reached XP level 4. HP: 30/32 MP: 7/11
  1279 | D:2      | Reached skill level 1 in Conjurations
  1279 | D:2      | Reached skill level 1 in Hexes
  1279 | D:2      | Reached skill level 1 in Summonings
  1279 | D:2      | Reached skill level 1 in Necromancy
  1279 | D:2      | Reached skill level 1 in Translocations
  1279 | D:2      | Reached skill level 1 in Transmutations
  1279 | D:2      | Reached skill level 1 in Fire Magic
  1279 | D:2      | Reached skill level 1 in Air Magic
  1279 | D:2      | Reached skill level 1 in Earth Magic
  1279 | D:2      | Reached skill level 1 in Poison Magic
  1309 | D:2      | Reached XP level 5. HP: 37/37 MP: 3/12
  1771 | D:2      | Found a faded altar of an unknown god.
  1786 | D:2      | Noticed Robin
  1808 | D:2      | Killed Robin
  2255 | D:3      | Reached XP level 6. HP: 44/44 MP: 9/13
  2287 | D:3      | Found a shimmering altar of Xom.
  2288 | D:3      | Found a shimmering altar of Xom.
  2289 | D:3      | Found a shimmering altar of Xom.
  2290 | D:3      | Found a shimmering altar of Xom.
  2346 | D:3      | Found a shimmering altar of Xom.
  2353 | D:3      | Found a shimmering altar of Xom.
  2384 | D:3      | Found a shimmering altar of Xom.
  2404 | D:3      | Found a hazy altar of Hepliaklqana.
  2949 | D:3      | Reached skill level 5 in Dodging
  3087 | D:3      | Learned a level 4 spell: Hailstorm
  3092 | D:3      | Learned a level 4 spell: Summon Ice Beast
  3173 | D:4      | Reached XP level 7. HP: 50/50 MP: 8/15
  3489 | D:4      | Found a sparkling altar of Nemelex Xobeh.
  3853 | D:4      | Got a fine robe
  3863 | D:4      | Identified the +0 robe of the Forest {Rampage *Slow MR-
                  | MP+9} (You found it on level 4 of the Dungeon)
  3930 | D:5      | Entered Level 5 of the Dungeon
  3943 | D:5      | Found a glowing silver altar of Zin.
  3981 | D:5      | Reached skill level 5 in Stealth
  4172 | D:5      | Reached XP level 8. HP: 55/57 MP: 16/16
  4231 | D:5      | Found Qikuecov's Book Shoppe.
  4310 | D:5      | Found a staircase to the Ecumenical Temple.
  4310 | D:5      | Noticed Edmund
  4346 | D:5      | Killed Edmund
  4943 | D:6      | Found Vosah's Weapon Emporium.
  5346 | D:6      | Reached XP level 9. HP: 34/65 MP: 7/18
  5592 | Temple   | Entered the Ecumenical Temple
  5636 | Temple   | Became a worshipper of Sif Muna the Loreminder
  6267 | D:6      | Found a blossoming altar of Fedhas.
  6362 | D:7      | Found a white marble altar of Elyvilon.
  6659 | D:7      | Found a glowing golden altar of the Shining One.
  7076 | D:7      | Found a radiant altar of Vehumet.
  7452 | D:8      | Reached * piety under Sif Muna
  7582 | D:8      | Reached skill level 5 in Invocations
  7585 | D:8      | Found a sand-covered staircase.
  7595 | Ossuary  | Entered an ossuary
  7983 | Ossuary  | Reached XP level 10. HP: 73/73 MP: 20/20
  8135 | D:8      | Found a staircase to the Lair.
  8589 | D:8      | Reached skill level 5 in Fighting
  8589 | D:8      | Reached skill level 5 in Short Blades
  8589 | D:8      | Reached skill level 5 in Long Blades
  8589 | D:8      | Reached skill level 5 in Axes
  8589 | D:8      | Reached skill level 5 in Maces & Flails
  8589 | D:8      | Reached skill level 5 in Polearms
  8589 | D:8      | Reached skill level 5 in Staves
  8589 | D:8      | Reached skill level 5 in Slings
  8589 | D:8      | Reached skill level 5 in Bows
  8589 | D:8      | Reached skill level 5 in Crossbows
  8589 | D:8      | Reached skill level 5 in Throwing
  8589 | D:8      | Reached skill level 5 in Armour
  8589 | D:8      | Reached skill level 5 in Shields
  8589 | D:8      | Reached skill level 5 in Unarmed Combat
  8589 | D:8      | Reached skill level 5 in Evocations
  8784 | D:8      | Noticed a two-headed ogre
  8797 | D:8      | Killed a two-headed ogre
  9048 | D:9      | Noticed Psyche
  9310 | D:9      | Reached ** piety under Sif Muna
  9343 | D:9      | Killed Psyche
 10088 | D:9      | Found an opulent altar of Gozag.
 10264 | D:9      | Noticed a two-headed ogre
 10274 | D:9      | Killed a two-headed ogre
 10404 | D:9      | Reached XP level 11. HP: 76/81 MP: 7/22
 10691 | D:9      | Found a glowing silver altar of Zin.
 10714 | D:10     | Entered Level 10 of the Dungeon
 10714 | D:10     | Noticed Erolcha
 10714 | D:10     | Noticed a cyclops
 11057 | Lair:1   | Entered Level 1 of the Lair of Beasts
 11170 | Lair:1   | Reached skill level 5 in Conjurations
 11170 | Lair:1   | Reached skill level 5 in Hexes
 11170 | Lair:1   | Reached skill level 5 in Summonings
 11170 | Lair:1   | Reached skill level 5 in Necromancy
 11170 | Lair:1   | Reached skill level 5 in Translocations
 11170 | Lair:1   | Reached skill level 5 in Transmutations
 11170 | Lair:1   | Reached skill level 5 in Fire Magic
 11170 | Lair:1   | Reached skill level 5 in Air Magic
 11170 | Lair:1   | Reached skill level 5 in Earth Magic
 11170 | Lair:1   | Reached skill level 5 in Poison Magic
 11206 | Lair:1   | Noticed a four-headed hydra
 11224 | Lair:1   | Killed a four-headed hydra
 11400 | Lair:1   | Noticed a seven-headed hydra
 11409 | Lair:1   | Reached *** piety under Sif Muna
 11412 | Lair:1   | Killed a seven-headed hydra
 12835 | Lair:2   | Noticed a seven-headed hydra
 12841 | Lair:2   | Killed a seven-headed hydra
 12929 | Lair:2   | Reached XP level 12. HP: 68/89 MP: 9/24
 13477 | Lair:3   | Found a staircase to the Swamp.
 13744 | Lair:3   | Noticed Rupert
 13762 | Lair:3   | Killed Rupert
 14637 | Lair:3   | Found a staircase to the Shoals.
 15689 | Lair:4   | Got a crude robe
 15699 | Lair:4   | Identified the +2 robe of the Hunter {rElec MR- rCorr SInv}
                  | (You found it on level 4 of the Lair of Beasts)
 15751 | Lair:4   | Reached **** piety under Sif Muna
 16307 | Lair:4   | Reached XP level 13. HP: 88/98 MP: 14/26
 17626 | Lair:5   | Got a transparent falchion
 17637 | Lair:4   | Identified the +7 falchion "Aluwis" {flame, rPois rF+ Str+3
                  | Int-2} (You found it on level 5 of the Lair of Beasts)
 17683 | Lair:5   | Reached skill level 10 in Ice Magic
 18679 | Lair:5   | Reached ***** piety under Sif Muna
 18801 | Lair:6   | Entered Level 6 of the Lair of Beasts
 18826 | Lair:6   | Found a runed translucent gate.
 18826 | Lair:6   | Found a runed translucent gate.
 18826 | Lair:6   | Found a runed translucent gate.
 18826 | Lair:6   | Noticed Scypho's ghost (journeyman DsGl)
 18869 | Lair:6   | Reached skill level 10 in Spellcasting
 19364 | Lair:6   | Identified Sif Muna's Incunabulum of Destructive Earth (Sif
                  | Muna gifted it to you on level 6 of the Lair of Beasts)
 19364 | Lair:6   | Received a gift from Sif Muna
 19469 | Lair:6   | Reached XP level 14. HP: 106/106 MP: 20/28
 19590 | Lair:6   | Reached skill level 10 in Dodging
 19746 | Lair:6   | Found a staircase to the Slime Pits.
 20637 | Lair:6   | Reached skill level 10 in Stealth
 20905 | Lair:6   | Reached skill level 10 in Invocations
 21296 | Lair:6   | Identified Sif Muna's Reference Book on Nocuous Ice (Sif
                  | Muna gifted it to you on level 6 of the Lair of Beasts)
 21296 | Lair:6   | Received a gift from Sif Muna
 21690 | Swamp:1  | Entered Level 1 of the Swamp
 22300 | Swamp:1  | HP: 5/108 [alligator (6)]
 23565 | D:10     | Killed Erolcha
 24653 | D:11     | Found a staircase to the Orcish Mines.
 24657 | D:11     | Identified Sif Muna's Compendium of Attacks and Cold (Sif
                  | Muna gifted it to you on level 11 of the Dungeon)
 24657 | D:11     | Received a gift from Sif Muna
 27050 | D:12     | Noticed Maurice
 27059 | D:12     | Killed Maurice
 27628 | D:12     | Reached XP level 15. HP: 115/115 MP: 19/29
 28073 | D:13     | Found Rotiuh's Distillery.
 28085 | D:13     | Bought a potion of attraction for 39 gold pieces
 28085 | D:13     | Bought 2 potions of curing for 78 gold pieces
 28085 | D:13     | Bought 2 potions of heal wounds for 130 gold pieces
 28137 | D:13     | Found Ecziek Piong's Assorted Antiques.
 28140 | D:13     | Bought a scroll labeled TASEYKLAILU for 29 gold pieces
 28141 | D:13     | Identified 2 scrolls of acquirement
 28146 | D:13     | Acquired a book of Callings
 28148 | D:13     | Acquired a book of Dreams
 28155 | D:13     | Learned a level 4 spell: Summon Lightning Spire
 28309 | D:13     | Identified Sif Muna's Almanac of Scorching Translocation
                  | (Sif Muna gifted it to you on level 13 of the Dungeon)
 28309 | D:13     | Received a gift from Sif Muna
 28317 | D:13     | Learned a level 5 spell: Bolt of Magma
 28319 | D:13     | Learned a level 1 spell: Apportation
 28326 | D:13     | Learned a level 6 spell: Freezing Cloud
 28639 | D:13     | Found a runed translucent door.
 28653 | D:13     | Found the +2 shield of Resistance {rF++ rC++ MR++}
 28660 | D:13     | Found a runed translucent door.
 29467 | D:13     | Identified the +4 plate armour of the Devil's Advocate {rF-
                  | Str+7}
 29902 | D:13     | Found a gate to the Vaults.
 30267 | D:14     | Found a hide-covered altar of Uskayaw.
 30661 | D:14     | Reached skill level 10 in Fighting
 30661 | D:14     | Reached skill level 10 in Short Blades
 30661 | D:14     | Reached skill level 10 in Long Blades
 30661 | D:14     | Reached skill level 10 in Axes
 30661 | D:14     | Reached skill level 10 in Maces & Flails
 30661 | D:14     | Reached skill level 10 in Polearms
 30661 | D:14     | Reached skill level 10 in Staves
 30661 | D:14     | Reached skill level 10 in Slings
 30661 | D:14     | Reached skill level 10 in Bows
 30661 | D:14     | Reached skill level 10 in Crossbows
 30661 | D:14     | Reached skill level 10 in Throwing
 30661 | D:14     | Reached skill level 10 in Armour
 30661 | D:14     | Reached skill level 10 in Shields
 30661 | D:14     | Reached skill level 10 in Unarmed Combat
 30661 | D:14     | Reached skill level 10 in Evocations
 30962 | D:14     | Found a sacrificial altar of Ru.
 31200 | D:14     | Learned a level 2 spell: Blink
 31589 | Swamp:1  | Killed from afar by a swamp worm

Illustrated notes

Levels and vault maps discovered:
D:1:      dpeg_arrival_simpleton_a, layout_loops_ring, minmay_octomino_e4
D:2:      layout_basic, chequers_ecumenical_altar_simple, minmay_circled_x,
          uniq_robin
D:3:      layout_basic, lemuel_crystal_altar, nicolae_xom_altar_mimics
D:4:      layout_cave_pools, grunt_ministairs_12,
          nemelex_xobeh_ov_fountains_minmay
D:5:      layout_basic, minmay_temple_entry_proselytizer, serial_shops,
          nicolae_shop_crystal, basic_altar, serial_bayou_lake_a, uniq_edmund
D:6:      layout_cave_pools, serial_shops, shop, fedhas_altar_fruit_tree
D:7:      layout_loops_ring, elyvilon_altar_1, vehumet_statue,
          lemuel_altar_in_water
D:8:      layout_basic, dpeg_oklobed_lair, nicolae_ossuary_entry_ruins,
          blue_anna_alchemist [blue_anna_fruit_fields, blue_anna_fruit_fields]
D:9:      layout_gridville, zin_treasury, grunt_gozag_statues, minmay_circle_x,
          uniq_psyche
D:10:     layout_rooms, uniq_erolcha
D:11:     nzn_motion_control, layout_basic, zombieorc2_lemuel, serial_ice,
          serial_ice_h, serial_ice_e, serial_ice_f, serial_ice_a,
          grunt_ministairs_10, minmay_misc_feat_nine_boxes
D:12:     layout_gridville, uniq_maurice
D:13:     layout_basic, ximxim_vaults_locker_room, serial_shops,
          nicolae_shop_behind_doors, nicolae_shop_stone,
          minmay_guarded_unrand_resistance
D:14:     layout_long_grid, basic_altar, nicolae_ru_the_path_less_chosen,
          lemuel_flamethrower_2
Temple:   nicolae_temple_elliptical
Lair:1:   layout_cave_shapes, grunt_megastairs_3
Lair:2:   layout_chaotic_city, minivault_24, infiniplex_staircase_pool
Lair:3:   layout_regular_city, minmay_swamp_entry_swarm,
          minmay_shoals_entry_hut, uniq_rupert
Lair:4:   layout_roguey [special_room_mythical_zoo]
Lair:5:   layout_cave_pods
Lair:6:   minmay_lair_end_enchanted_forest, layout_regular_city,
          minmay_slime_entry_pillars, gammafunk_ghost_hydra_chop
Swamp:1:  layout_basic_swamp, nicolae_swamp_dense_foliage

Skill      XL: |  1  2  3  4  5  6  7  8  9 10 11 12 13 14 15 |
---------------+----------------------------------------------+-----
Spellcasting   | 5 6 7 8 9 10 11 | 11.1
Invocations    | 1 2 3 4 5 6 7 8 9 10 | 10.8
Fighting       | 1 2 3 4 5 6 7 8 9 10 | 10.0
Short Blades   | 1 2 3 4 5 6 7 8 9 10 | 10.0
Long Blades    | 1 2 3 4 5 6 7 8 9 10 | 10.0
Axes           | 1 2 3 4 5 6 7 8 9 10 | 10.0
Maces & Flails | 1 2 3 4 5 6 7 8 9 10 | 10.0
Polearms       | 1 2 3 4 5 6 7 8 9 10 | 10.0
Staves         | 1 2 3 4 5 6 7 8 9 10 | 10.0
Slings         | 1 2 3 4 5 6 7 8 9 10 | 10.0
Bows           | 1 2 3 4 5 6 7 8 9 10 | 10.0
Crossbows      | 1 2 3 4 5 6 7 8 9 10 | 10.0
Throwing       | 1 2 3 4 5 6 7 8 9 10 | 10.0
Armour         | 1 2 3 4 5 6 7 8 9 10 | 10.0
Shields        | 1 2 3 4 5 6 7 8 9 10 | 10.0
Unarmed Combat | 1 2 3 4 5 6 7 8 9 10 | 10.0
Evocations     | 1 2 3 4 5 6 7 8 9 10 | 10.0
Conjurations   | 1 2 3 4 5 6 7 8 |  8.4
Hexes          | 1 2 3 4 5 6 7 8 |  8.4
Summonings     | 1 2 3 4 5 6 7 8 |  8.4
Necromancy     | 1 2 3 4 5 6 7 8 |  8.4
Translocations | 1 2 3 4 5 6 7 8 |  8.4
Transmutations | 1 2 3 4 5 6 7 8 |  8.4
Fire Magic     | 1 2 3 4 5 6 7 8 |  8.4
Air Magic      | 1 2 3 4 5 6 7 8 |  8.4
Earth Magic    | 1 2 3 4 5 6 7 8 |  8.4
Poison Magic   | 1 2 3 4 5 6 7 8 |  8.4
Dodging        | 5 6 7 8 9 10 11 | 11.0
Stealth        | 5 6 7 8 9 10 | 10.8
Ice Magic      | 8 9 10 | 10.9

Action                   |  1- 3 |  4- 6 |  7- 9 | 10-12 | 13-15 || total
-------------------------+-------+-------+-------+-------+-------++-------
Melee: Unarmed           |    80 |       |       |       |       ||    80
       Bite              |     7 |     4 |    32 |    51 |    67 ||   161
       Dagger            |    13 |    65 |   277 |   156 |       ||   511
       Punch             |       |       |     7 |    14 |    34 ||    55
       Short sword       |       |       |       |   189 |    41 ||   230
       Falchion          |       |       |       |       |   533 ||   533
 Cast: Freeze            |     4 |     2 |     7 |    11 |     9 ||    33
       Frozen Ramparts   |     3 |    19 |    34 |    64 |    91 ||   211
       Hailstorm         |       |       |     2 |    22 |    43 ||    67
       Summon Ice Beast  |       |       |    24 |    82 |   270 ||   376
       Ozocubu's Armour  |       |       |       |       |     1 ||     1
       Bolt of Magma     |       |       |       |       |     1 ||     1
       Blink             |       |       |       |       |     1 ||     1
Invok: Channel Magic     |       |       |     1 |     3 |     6 ||    10
Evoke: Wand              |       |       |     1 |     4 |     2 ||     7
  Use: Potion            |       |       |     1 |     1 |     5 ||     7
       Scroll            |       |       |    10 |     8 |    10 ||    28
 Stab: Sleeping          |    10 |     8 |    15 |     7 |    10 ||    50
       Distracted        |       |       |       |     3 |     9 ||    12
Armor: Robe              |    16 |    26 |    94 |   129 |   252 ||   517
Dodge: Dodged            |    76 |    64 |   207 |   375 |   663 ||  1385
       Rpst.: Falchion   |       |       |       |       |   150 ||   150

Table legend: (Time is in decaauts)
 A = Elapsed time spent in this place.
 B = Non-inter-level travel time spent in this place.
 C = Inter-level travel time spent in this place.
 D = Time resting spent in this place.
 E = Time spent auto-exploring this place.
 F = Levels seen in this place.
 G = Mean time per level.
                   A        B        C        D        E       F      G
               +--------+--------+--------+--------+--------+-----+--------+
         Total |  31455 |  30279 |   1176 |   3192 |  21524 |  23 | 1367.6 |
       Dungeon |  18377 |  17622 |    755 |   1640 |  12730 |  14 | 1312.6 |
        Temple |     92 |     69 |     23 |      0 |     34 |   1 |   92.0 |
          Lair |  11157 |  10763 |    394 |   1343 |   7549 |   6 | 1859.5 |
         Swamp |   1382 |   1380 |      2 |     54 |   1074 |   1 | 1382.0 |
       Ossuary |    445 |    445 |      0 |    155 |    136 |   1 |  445.0 |
               +--------+--------+--------+--------+--------+-----+--------+

Top non-repeatable levels by time:
  Lair:6: 2779 daAuts
    D:11: 2420 daAuts
  Lair:3: 2195 daAuts
  Lair:4: 2104 daAuts
    D:13: 2093 daAuts
     D:9: 1783 daAuts
  Lair:5: 1586 daAuts
     D:8: 1412 daAuts
 Swamp:1: 1382 daAuts
  Lair:2: 1353 daAuts
    D:14: 1193 daAuts
     D:6: 1187 daAuts
  Lair:1: 1136 daAuts
     D:5: 1134 daAuts
     D:1: 1113 daAuts
